 Dungeon Crawl Stone Soup version 0.20.0-15-g7f486f2 (webtiles) character file.

85 Chiseanne the Ducker (level 4, -2/23 HPs)
             Began as a Spriggan Warper on June 25, 2017.
             Hit by a stone thrown by a gnoll (7 damage)
             ... on level 3 of the Dungeon.
             The game lasted 00:07:59 (3210 turns).

Chiseanne the Ducker (Spriggan Warper)              Turns: 3210, Time: 00:08:00

Health: -2/23      AC:  2    Str:  7    XL:     4   Next: 25%
Magic:  8/10       EV: 20    Int: 15    God:
Gold:   142        SH:  0    Dex: 15    Spells: 2/9 levels left

rFire    . . .     SeeInvis +   o - -2 spear (curse)
rCold    . . .     Gourm    .   (shield restricted)
rNeg     . . .     Faith    .   b - +0 robe
rPois    .         Spirit   .   (helmet restricted)
rElec    .         Reflect  .   (no cloak)
rCorr    .         Harm     .   (gloves unavailable)
MR       .....                  (boots unavailable)
Stlth    ++........             (no amulet)
Regen    0.1/turn               k - +4 ring of slaying
MPRegen  0.2/turn               (no ring)

@: shrouded, very quick
A: unfitting armour, see invisible, herbivore 3, speed 3, slow metabolism 2
a: no special abilities


You were on level 3 of the Dungeon.
You were not hungry.

You visited 2 branches of the dungeon, and saw 6 of its levels.

You collected 142 gold pieces.

Inventory:

Hand Weapons
 a - a +0 short sword
 o - a cursed -2 spear (weapon)
Missiles
 e - 6 poisoned needles
 g - 40 bolts
 j - 34 arrows
 l - 66 stones (quivered)
 u - 6 curare-tipped needles
 w - 29 sling bullets
Armour
 b - a +0 robe (worn)
Jewellery
 k - a +4 ring of slaying (left hand)
Scrolls
 d - 2 scrolls of blinking
 v - a scroll of enchant weapon
Potions
 h - a potion of invisibility
 m - 3 potions of lignification
 n - 2 potions of flight
 p - a potion of might {unknown}
 q - a potion of cancellation
 s - a potion of curing
 t - a potion of heal wounds {unknown}
Books
 c - a book of Spatial Translocations

   Spells                             Type                      Level
   a - Blink                          Translocation                2
   b - Shroud of Golubria             Charms/Translocation         2
   c - Lesser Beckoning               Translocation                3
   d - Gell's Gravitas                Translocation                3
   e - Teleport Other                 Translocation                3
   f - Passage of Golubria            Translocation                4
 r - a book of Minor Magic

   Spells                             Type                      Level
   a - Magic Dart                     Conjuration                  1
   b - Blink                          Translocation                2
   c - Call Imp                       Summoning                    2
   d - Slow                           Hexes                        2
   e - Conjure Flame                  Conjuration/Fire             3
   f - Mephitic Cloud                 Conjuration/Poison/Air       3
Comestibles
 f - 3 bread rations
 i - 2 royal jellies


   Skills:
 * Level 2.3 Fighting
 - Level 2.1 Short Blades
 - Level 1.0 Throwing
 * Level 4.6 Dodging
 * Level 3.1 Stealth
 * Level 3.4 Spellcasting
 - Level 4.4 Translocations


You had 2 spell levels left.
You knew the following spells:

 Your Spells              Type           Power        Failure   Level  Hunger
a - Blink                 Tloc           N/A          4%          2    ##.....
b - Shroud of Golubria    Chrm/Tloc      #.........   12%         2    ##.....
c - Teleport Other        Tloc           ###.....     10%         3    ###....


Dungeon Overview and Level Annotations

Branches:
Dungeon (5/15)             Temple (1/1) D:5

Altars:
Ashenzari
Cheibriados
Dithmenos
Elyvilon
Fedhas
Hepliaklqana
Okawaru
Qazlal
Sif Muna
Trog
Uskayaw
Vehumet
Xom
Yredelemnul
The Shining One

Annotations:
D:4 koelner's ghost, novice DsVM
D:5 Timinator's ghost, novice DsWn


Innate Abilities, Weirdness & Mutations

You are very small and have problems with some larger weapons.
You are too small for most types of armour.
You have supernaturally acute eyesight. (SInv)
You are a herbivore.
You cover ground extremely quickly.
You need consume almost no food.


Message History

You kill the ball python!
You now have 142 gold pieces (gained 3).
The gnoll throws a stone.
The stone completely misses you.
The gnoll shouts!
The gnoll throws a stone.
The stone hits you!
You see here a stone.
Found a shattered altar of Ashenzari.
The gnoll throws a stone.
The stone hits you.
* * * LOW HITPOINT WARNING * * *
Found a snail-covered altar of Cheibriados.
You see here a stone.
Okay, then.
Cast which spell? (? or * to list) Space distorts slightly along a thin shroud covering your body.
The gnoll throws a stone.
The stone hits you.
* * * LOW HITPOINT WARNING * * *
You see here a stone.
The gnoll throws a stone.
The stone barely misses you.
The gnoll throws a stone.
The stone hits you!
You die...

###
#.###.#........##P###
# #.#
#.#.g.......'._⌠# #
#.# #..#........'._⌠#
## #.#
##.##...#(.#*≈*##
.####.#
#(###....#####.#
...#..#
#...#...g......#
.#.#.##
###............#
.#...# ###..........#
.##### #..@.......#
.# #....g.(...# .#
#..........# .#
#.....(....# .#
############ ## # # #


You could see 3 gnolls.

Vanquished Creatures
  A gnoll (D:1)
  An adder (D:2)
  3 oozes
  A dart slug (D:2)
  3 leopard geckos
  An orc (D:3)
  2 giant cockroaches (D:1)
  6 goblins
  5 hobgoblins
  3 kobolds
  3 ball pythons
  7 bats
  5 frilled lizards
  12 rats
53 creatures vanquished.

Notes
Turn   | Place    | Note
-------+----------+-------------------------------------------
     0 | D:1      | Chiseanne the Spriggan Warper began the quest for the Orb.
     0 | D:1      | Reached XP level 1. HP: 10/10 MP: 5/5
   142 | D:1      | Reached skill level 1 in Stealth
   142 | D:1      | Reached XP level 2. HP: 6/15 MP: 6/6
   876 | D:1      | Reached XP level 3. HP: 18/18 MP: 6/8
   898 | D:1      | Learned a level 2 spell: Blink
   901 | D:1      | Learned a level 2 spell: Shroud of Golubria
   905 | D:1      | Learned a level 3 spell: Teleport Other
  1425 | D:2      | Found a faded altar of an unknown god.
  1602 | D:2      | Reached XP level 4. HP: 23/23 MP: 9/9
  1671 | D:2      | Found a radiant altar of Vehumet.
  2519 | D:3      | Found a shadowy altar of Dithmenos.
  2785 | D:3      | You fall through a shaft for 2 floors!
  2785 | D:5      | Entered Level 5 of the Dungeon
  2924 | D:5      | Found a staircase to the Ecumenical Temple.
  2924 | D:5      | Noticed Timinator's ghost (novice DsWn)
  2930 | Temple   | Entered the Ecumenical Temple
  3083 | D:4      | Noticed koelner's ghost (novice DsVM)
  3194 | D:3      | Found a shattered altar of Ashenzari.
  3195 | D:3      | Found a snail-covered altar of Cheibriados.
  3210 | D:3      | Hit by a stone thrown by a gnoll

Skill      XL: |  1  2  3 |
---------------+----------+-----
Dodging        | 4 |  4.6
Stealth        | 1 3 |  3.1
Fighting       | 2 |  2.3
Spellcasting   | 3 |  3.4
Short Blades   | |  2.1
Throwing       | |  1.0
Translocations | |  4.4

Action                   |  1- 3 |  4- 6 || total
-------------------------+-------+-------++-------
Melee: Short sword       |   141 |     1 ||   142
       Spear             |       |    33 ||    33
Throw: Tomahawk          |     5 |       ||     5
 Cast: Shroud of Golubri |       |     1 ||     1
  Use: Scroll            |     4 |     8 ||    12
 Stab: Sleeping          |     6 |     2 ||     8
Armor: Robe              |    18 |     3 ||    21
Dodge: Dodged            |   113 |    54 ||   167
